 Dungeon Crawl Stone Soup version 0.22.1-2-g9c5b331383 (webtiles) character file.

37 McIrco the Vexing (level 3, -1/24 HPs)
             Began as a Vampire Enchanter on Jan 5, 2019.
             Slain by a hobgoblin
             ... wielding a +0 spear
              (6 damage)
             ... on level 2 of the Dungeon.
             The game lasted 00:02:30 (1395 turns).

McIrco the Vexing (Vampire Enchanter)               Turns: 1395, Time: 00:02:31

Health: -1/24      AC:  2    Str:  8    XL:     3   Next: 23%
Magic:  6/6        EV: 13    Int: 17    God:
Gold:   70         SH:  0    Dex: 14    Spells: 5/6 levels left

rFire    . . .     SeeInvis +   f - +0 dagger (speed)
rCold    + . .     Gourm    .   (no shield)
rNeg     + + .     Faith    .   b - +0 robe
rPois    +         Spirit   .   (no helmet)
rElec    .         Reflect  .   (no cloak)
rCorr    .         Harm     .   (no gloves)
MR       .....                  (no boots)
Stlth    ++++......             (no amulet)
HPRegen  0.04/turn              (no ring)
MPRegen  0.10/turn              (no ring)

@: regenerating slowly
A: fangs 3, see invisible, unbreathing
a: Bat Form


You were on level 2 of the Dungeon.
You were very thirsty.

You visited 1 branch of the dungeon, and saw 2 of its levels.

You collected 70 gold pieces.

Inventory:

Hand Weapons
 a - a +1 dagger
 f - a +0 dagger of speed (weapon)
Armour
 b - a +0 robe (worn)
Jewellery
 e - an uncursed amulet of the gourmand {unknown}
Scrolls
 c - 2 scrolls of identify {unknown}
 g - a scroll of random uselessness {unknown}
 j - a scroll of immolation {unknown}
 l - a scroll of fog {unknown}
 p - a scroll of enchant armour {unknown}
 q - a scroll of teleportation {unknown}
Potions
 d - a potion of blood
 h - 3 potions of invisibility {unknown}
 i - a potion of heal wounds {unknown}
 k - a potion of might {unknown}
 m - a potion of degeneration {unknown}
 n - a potion of agility {unknown}
 o - a potion of mutation {unknown}


   Skills:
 + Level 0.1 Fighting
 + Level 1.2 Short Blades
 * Level 2.9 Dodging
 + Level 4.8 Stealth
 + Level 2.3 Spellcasting
 + Level 5.0 Hexes


You had 5 spell levels left.
You knew the following spells:

 Your Spells              Type           Power        Failure   Level  Hunger
a - Corona                Hex            ###....      2%          1    #......

Your spell library contained the following spells:

 Spells                   Type           Power        Failure   Level  Hunger
 Confuse                  Hex            ###.....     7%          3    ###....
 Tukima's Dance           Hex            ###.....     7%          3    ###....
 Ensorcelled Hibernation  Hex/Ice        ##....       10%         2    ###....
 Dazzling Spray           Conj/Hex       ##....       21%         3    ###....


Dungeon Overview and Level Annotations

Branches:
Dungeon (2/15)

Altars:


Innate Abilities, Weirdness & Mutations

You heal slowly.
You have razor-sharp teeth.
You have supernaturally acute eyesight. (SInv)
You can survive without breathing.


Message History

You are too injured to fight recklessly!
You are too injured to fight recklessly!
You are too injured to fight recklessly!
You are too injured to fight recklessly!
You hit the hobgoblin.
The hobgoblin is lightly wounded.
You hit the hobgoblin but do no damage.
The hobgoblin is lightly wounded.
The hobgoblin hits you with a spear.
* * * LOW HITPOINT WARNING * * *
You barely miss the hobgoblin.
The hobgoblin is lightly wounded.
You closely miss the hobgoblin.
The hobgoblin is lightly wounded.
The hobgoblin hits you with a spear.
* * * LOW HITPOINT WARNING * * *
You closely miss the hobgoblin.
The hobgoblin is lightly wounded.
The hobgoblin hits you with a spear.
You die...

#.....# #.....# # #.....# #.
########.....# #.) #......).....#
#... #............# .....
#.......#+######
......###.......#.......
.....Sg@........'.######
......###.......#.#..(.. ########
..... #.#.......#%#.#### #......#
.... #.#.......#.#.# #......# ...
#)#########.#.#### #......# ..
#.# #.#.#... #......#########.#
#.#.#...
#......#.........#########.#.#...
#............................'...


You could see an adder and a hobgoblin.

Vanquished Creatures
  An adder (D:2)
  A dart slug (D:1)
  A giant cockroach (D:1)
  3 goblins
  3 hobgoblins (D:1)
  5 jackals (D:1)
  4 kobolds
  2 bats
  3 rats
23 creatures vanquished.

Notes
Turn   | Place    | Note
-------+----------+-------------------------------------------
     0 | D:1      | McIrco the Vampire Enchanter began the quest for the Orb.
     0 | D:1      | Reached XP level 1. HP: 13/13 MP: 3/3
   483 | D:1      | Reached XP level 2. HP: 19/19 MP: 5/5
   961 | D:1      | Reached skill level 5 in Hexes
  1224 | D:2      | Reached XP level 3. HP: 24/24 MP: 6/6
  1395 | D:2      | Slain by a hobgoblin

Skill      XL: |  1  2 |
---------------+-------+-----
Hexes          | 5 |  5.0
Fighting       | |  0.1
Short Blades   | |  1.2
Dodging        | |  2.9
Stealth        | |  4.8
Spellcasting   | |  2.3

Action                   || total
-------------------------++-------
Melee: Dagger            ||   120
       Bite              ||     6
 Stab: Sleeping          ||     7
Armor: Robe              ||    19
Dodge: Dodged            ||    65
